AoeStats
← sesquipedalia

Arena

508160136Analyzed
4v4 RM · 10d ago on Sep 21, 2026· 37m 28s· 8 players
Game mode
Random Map
Map size
Large (8 player)
Population
200
Speed
Normal
Resources
Standard
Victory
Conquest
Starting age
Dark Age
Ending age
Imperial Age
RankedLock teamsTeams togetherTeam positionsShared explorationLock speedFull tech treeHidden civsTurbo modeCheats
Victory
Defeat
🇲🇽 Burmese · Mexico
1568
+14
1514
+17
🇺🇸 Khmer · United States
1510
+17
🇲🇽 Teutons · Mexico
1486
+17
🇺🇸 Lithuanians · United States
1709
-24
🇺🇸 Burmese · United States
1528
-16
🇺🇸 Romans · United States
1455
-13
🇺🇸 Malians · United States
1414
-12
DS_Gabo
10:51 Feudal Age
14:29 Castle Age
13:05 Horse Collar
13:52 Double-Bit Axe
15:22 Bow Saw
16:29 Light Cavalry
19:48 Bloodlines
22:25 Husbandry
23:53 Scale Barding Armor
26:00 Chain Barding Armor
31:22 Forging
31:48 Wheelbarrow
32:38 Gold Mining
34:28 Heavy Plow
35:16 Gold Shaft Mining
34:59 Hand Cart
34:31 Town Watch
34:37 Stone Mining
36:51 Loom
Obsky
12:19 Feudal Age
13:50 Stone Mining
16:34 Castle Age
14:37 Horse Collar
14:48 Gold Mining
18:05 Gold Shaft Mining
23:56 Padded Archer Armor
27:22 Wheelbarrow
31:25 Hand Cart
33:19 Bloodlines
33:10 Husbandry
38:05 Imperial Age
DSLGTCD
5:48 Loom
9:14 Feudal Age
10:20 Double-Bit Axe
12:23 Fletching
23:45 Castle Age
22:22 Stone Mining
33:21 Gold Mining
33:57 Horse Collar
37:08 Wheelbarrow
CTM | black forest best map
9:01 Feudal Age
8:33 Loom
8:40 Double-Bit Axe
8:42 Horse Collar
16:21 Castle Age
21:09 Imperial Age
20:21 Bow Saw
21:38 Chemistry
22:24 Heavy Plow
35:25 Wheelbarrow
36:15 Crop Rotation
36:49 Forging
37:26 Hand Cart
37:47 Gold Mining
Lord Aubergine
12:03 Feudal Age
13:17 Horse Collar
15:40 Castle Age
15:46 Light Cavalry
25:37 Gold Mining
28:03 Wheelbarrow
30:03 Imperial Age
27:32 Loom
27:33 Town Watch
27:51 Scale Mail Armor
28:52 Chain Mail Armor
28:48 Forging
28:02 Pikeman
28:42 Squires
29:14 Squires
29:26 Forging
30:17 Hand Cart
30:21 Heavy Plow
31:14 Plate Mail Armor
30:19 Halberdier
32:44 Iron Casting
36:11 Blast Furnace
34:58 Arson
35:45 Scale Barding Armor
36:10 Conscription
NUBSINC
11:00 Feudal Age
15:49 Castle Age
13:58 Double-Bit Axe
14:39 Horse Collar
19:21 Wheelbarrow
23:53 Bow Saw
24:30 Squires
24:33 Fletching
35:18 Town Watch
sesquipedalia
9:30 Feudal Age
10:02 Double-Bit Axe
11:39 Stone Mining
14:12 Loom
20:25 Horse Collar
24:45 Castle Age
23:12 Fletching
26:31 Wheelbarrow
26:08 Bow Saw
29:52 Hand Cart
29:33 Gold Mining
31:04 Bodkin Arrow
31:24 Heavy Plow
37:37 Imperial Age
36:18 Forging
37:07 Ballistas
JonnyTheMonkey
11:19 Feudal Age
15:03 Castle Age
13:22 Double-Bit Axe
13:40 Horse Collar
15:21 Light Cavalry
19:53 Bow Saw
21:35 Husbandry
22:54 Gold Mining
23:54 Bloodlines
25:28 Scale Barding Armor
27:54 Heavy Plow
29:37 Chain Barding Armor
29:28 Forging
29:27 Loom
30:21 Wheelbarrow
31:13 Forging
34:06 Imperial Age
34:35 Imperial Age
32:27 Fortified Wall
38:03 Imperial Age
38:09 Imperial Age
Connection lost

Rejoining the realm…

Still unreachable

The connection could not be restored.

Session expired

The server has moved on; the page needs a fresh start.